[ PARTIDA AOE2 · #469586820 ]
UnrankedPersas vs Maya
[ ANÁLISIS DE REPETICIÓN · EXTRAÍDO DE LA PARTIDA GRABADA ]
Feudal
11:32
Castillos
20:03
Imperial
29:44
| APM promedio | 12.2 |
| APM pico | 37 |
| eAPM promedio | 10.9 |
| Aldeanos / militares | 208 / 380 |
Foco
⚔️ 28.6% · 🌾 71.4%
Archer ×225 · War Elephant ×152 · Monk ×3
Feudal
12:49
Castillos
17:33
Imperial
31:46
| APM promedio | 26.2 |
| APM pico | 83 |
| eAPM promedio | 18.4 |
| Aldeanos / militares | 109 / 553 |
Foco
⚔️ 59.1% · 🌾 40.9%
Eagle Scout ×320 · Spearman ×223 · Trade Cart ×17 · Trebuchet (Packed) ×8 · Monk ×2
Feudal
13:56
Castillos
24:17
Imperial
38:43
| APM promedio | 17.3 |
| APM pico | 63 |
| eAPM promedio | 10.5 |
| Aldeanos / militares | 71 / 94 |
Foco
⚔️ 18.9% · 🌾 81.1%
Archer ×37 · Spearman ×25 · Coustillier ×13 · Monk ×7 · Knight ×5 · Trade Cart ×5
Feudal
12:10
Castillos
22:46
Imperial
32:39
| APM promedio | 25.7 |
| APM pico | 56 |
| eAPM promedio | 14.3 |
| Aldeanos / militares | 155 / 266 |
Foco
⚔️ 27.3% · 🌾 72.7%
Spearman ×202 · Scorpion ×58 · Unknown (882) ×21 · Mangonel ×5 · Trebuchet (Packed) ×1
Feudal
11:25
Castillos
21:06
Imperial
33:32
| APM promedio | 18.9 |
| APM pico | 49 |
| eAPM promedio | 13.0 |
| Aldeanos / militares | 134 / 238 |
Foco
⚔️ 29.2% · 🌾 70.8%
Ghulam ×103 · Hand Cannoneer ×59 · Skirmisher ×33 · Trade Cart ×22 · Camel Scout ×20 · Bombard Cannon ×9
Feudal
14:58
Castillos
21:31
Imperial
34:57
| APM promedio | 14.0 |
| APM pico | 41 |
| eAPM promedio | 8.1 |
| Aldeanos / militares | 109 / 151 |
Foco
⚔️ 24.8% · 🌾 75.2%
Knight ×116 · Obuch ×35 · Trade Cart ×4
Feudal
12:34
Castillos
20:19
Imperial
37:59
| APM promedio | 10.3 |
| APM pico | 38 |
| eAPM promedio | 9.0 |
| Aldeanos / militares | 130 / 88 |
Foco
⚔️ 29.0% · 🌾 71.0%
War Elephant ×78 · Trade Cart ×22 · Bombard Cannon ×6 · Trebuchet (Packed) ×3 · Monk ×1
Feudal
11:10
Castillos
18:10
Imperial
32:32
| APM promedio | 14.1 |
| APM pico | 40 |
| eAPM promedio | 9.6 |
| Aldeanos / militares | 90 / 195 |
Foco
⚔️ 21.4% · 🌾 78.6%
Hand Cannoneer ×92 · Genoese Crossbowman ×53 · Spearman ×42 · Trade Cart ×20 · Bombard Cannon ×4 · Trebuchet (Packed) ×4
Mapa de la partida
Recursos iniciales + cada clic de construcción. Líneas = muros · curvas = relieve. ◆ oro · ⬟ piedra · ● bayas · ✦ reliquia · ◌ hueco del cierre
Tu base· ✓ Cerrada en 20:03 · 0t muro · sin puerta
Base de Yagami· Abierta — el rival se encerró
Base de Renju94· ✓ Cerrada en 24:17 · 62t muro · 1 puerta(s)
Base de 泊二世· ✓ Cerrada en 22:46 · 31t muro · sin puerta
Base de Joker· Abierta — el rival se encerró
Base de 鸡儿哥爆顶胡敢敢· ✓ Cerrada en 21:31 · 37t muro · 1 puerta(s)
Base de rnesto188· Abierta — el rival se encerró
Base de 寻薇· ✓ Cerrada en 18:10 · 9t muro · sin puerta
Terreno inicial suavizado · ◌ = hueco del cierre detectado · pasá el cursor para detalles
Inputs por minuto
— 乾州街道张主任 - - Yagami
Build order — 乾州街道张主任
Primeras 150 de 413 acciones detectadas
| 0:03 | Investigar | Loom |
| 0:04 | Crear | Villager (Male) |
| 0:04 | Crear | Villager (Male) |
| 0:04 | Crear | Villager (Male) |
| 0:05 | Crear | Villager (Male) |
| 0:05 | Crear | Villager (Male) |
| 0:05 | Crear | Villager (Male) |
| 0:10 | Construir | House |
| 0:11 | Construir | House |
| 0:13 | Construir | House |
| 0:15 | Construir | House |
| 2:09 | Crear | Villager (Male) |
| 2:09 | Crear | Villager (Male) |
| 2:09 | Crear | Villager (Male) |
| 2:57 | Crear | Villager (Male) |
| 2:57 | Crear | Villager (Male) |
| 2:57 | Crear | Villager (Male) |
| 2:57 | Crear | Villager (Male) |
| 3:25 | Crear | Villager (Male) |
| 3:26 | Crear | Villager (Male) |
| 3:26 | Crear | Villager (Male) |
| 3:46 | Crear | Villager (Male) |
| 3:46 | Crear | Villager (Male) |
| 4:18 | Construir | Mill |
| 4:39 | Crear | Villager (Male) |
| 4:39 | Crear | Villager (Male) |
| 4:39 | Crear | Villager (Male) |
| 4:40 | Crear | Villager (Male) |
| 4:40 | Crear | Villager (Male) |
| 5:07 | Crear | Villager (Male) |
| 5:40 | Crear | Villager (Male) |
| 6:28 | Crear | Villager (Male) |
| 6:29 | Crear | Villager (Male) |
| 6:29 | Crear | Villager (Male) |
| 7:24 | Crear | Villager (Male) |
| 7:56 | Crear | Villager (Male) |
| 7:57 | Crear | Villager (Male) |
| 8:43 | Construir | Lumber Camp |
| 9:04 | Crear | Villager (Male) |
| 9:24 | Investigar | Feudal Age |
| 9:36 | Construir | House |
| 9:41 | Construir | House |
| 10:43 | Construir | House |
| 10:48 | Construir | House |
| 11:32 | Edad | Edad Feudal |
| 11:43 | Investigar | Wheelbarrow |
| 11:44 | Crear | Villager (Male) |
| 11:45 | Crear | Villager (Male) |
| 11:45 | Crear | Villager (Male) |
| 11:49 | Investigar | Double-Bit Axe |
| 11:51 | Investigar | Horse Collar |
| 11:56 | Construir | House |
| 11:59 | Construir | House |
| 12:54 | Construir | House |
| 12:59 | Construir | Mining Camp |
| 13:29 | Construir | Farm |
| 13:31 | Construir | Farm |
| 13:32 | Construir | Farm |
| 13:40 | Investigar | Gold Mining |
| 13:47 | Construir | House |
| 13:54 | Crear | Villager (Male) |
| 14:16 | Construir | Farm |
| 14:17 | Construir | Farm |
| 14:52 | Construir | Farm |
| 14:57 | Construir | Farm |
| 15:01 | Construir | Farm |
| 15:20 | Crear | Villager (Male) |
| 15:48 | Construir | Blacksmith |
| 15:55 | Construir | Farm |
| 15:58 | Crear | Villager (Male) |
| 15:59 | Crear | Villager (Male) |
| 16:31 | Construir | Farm |
| 16:42 | Construir | Market |
| 16:52 | Crear | Villager (Male) |
| 16:52 | Crear | Villager (Male) |
| 17:22 | Construir | Farm |
| 17:29 | Investigar | Castle Age |
| 17:45 | Construir | Farm |
| 20:03 | Edad | Edad de los Castillos |
| 20:03 | Investigar | Hand Cart |
| 20:04 | Investigar | Hand Cart |
| 20:06 | Investigar | Heavy Plow |
| 20:09 | Investigar | Bow Saw |
| 20:13 | Investigar | Gold Shaft Mining |
| 20:28 | Construir | Town Center |
| 20:40 | Construir | Town Center |
| 20:42 | Crear | Villager (Male) |
| 20:43 | Crear | Villager (Male) |
| 20:43 | Crear | Villager (Male) |
| 21:23 | Crear | Villager (Male) |
| 21:23 | Crear | Villager (Male) |
| 21:23 | Crear | Villager (Male) |
| 21:23 | Crear | Villager (Male) |
| 21:40 | Investigar | Stone Mining |
| 21:45 | Crear | Villager (Male) |
| 21:45 | Crear | Villager (Male) |
| 21:46 | Crear | Villager (Male) |
| 21:51 | Construir | Farm |
| 21:56 | Construir | Farm |
| 22:12 | Construir | Farm |
| 22:17 | Construir | Farm |
| 22:22 | Construir | Farm |
| 22:24 | Crear | Villager (Male) |
| 22:24 | Crear | Villager (Male) |
| 22:25 | Crear | Villager (Male) |
| 22:25 | Crear | Villager (Male) |
| 22:25 | Crear | Villager (Male) |
| 22:32 | Construir | Farm |
| 22:38 | Construir | Mining Camp |
| 22:45 | Crear | Villager (Male) |
| 22:45 | Crear | Villager (Male) |
| 22:50 | Construir | Farm |
| 22:57 | Construir | Farm |
| 23:01 | Construir | Farm |
| 23:07 | Crear | Villager (Male) ×2 |
| 23:07 | Crear | Villager (Male) ×2 |
| 23:09 | Crear | Villager (Male) |
| 23:10 | Crear | Villager (Male) |
| 23:15 | Construir | Farm |
| 23:20 | Crear | Villager (Male) ×2 |
| 23:20 | Crear | Villager (Male) ×2 |
| 23:25 | Crear | Villager (Male) |
| 23:25 | Crear | Villager (Male) |
| 23:25 | Crear | Villager (Male) |
| 23:31 | Construir | Farm |
| 23:35 | Construir | Farm |
| 23:41 | Construir | Farm |
| 23:46 | Crear | Villager (Male) |
| 23:46 | Crear | Villager (Male) |
| 23:51 | Construir | Farm |
| 23:56 | Construir | Farm |
| 24:02 | Construir | Farm |
| 24:07 | Construir | Farm |
| 24:11 | Crear | Villager (Male) ×5 |
| 24:11 | Crear | Villager (Male) ×5 |
| 24:17 | Construir | Farm |
| 24:23 | Crear | Villager (Male) ×2 |
| 24:23 | Crear | Villager (Male) ×2 |
| 24:36 | Crear | Villager (Male) |
| 24:36 | Crear | Villager (Male) |
| 24:36 | Crear | Villager (Male) |
| 24:43 | Construir | Farm |
| 24:48 | Construir | Farm |
| 24:54 | Construir | Farm |
| 24:58 | Investigar | Stone Shaft Mining |
| 25:04 | Construir | Farm |
| 25:13 | Construir | Monastery |
| 25:19 | Construir | University |
| 25:26 | Construir | House |
| 25:28 | Construir | House |
Build order — Yagami
Primeras 150 de 841 acciones detectadas
| 0:05 | Investigar | Loom |
| 0:05 | Crear | Villager (Male) |
| 0:05 | Crear | Villager (Male) |
| 0:06 | Crear | Villager (Male) |
| 0:10 | Construir | House |
| 0:14 | Construir | House |
| 0:15 | Construir | House |
| 1:45 | Crear | Villager (Male) |
| 1:45 | Crear | Villager (Male) |
| 1:46 | Crear | Villager (Male) |
| 2:14 | Crear | Villager (Male) |
| 2:14 | Crear | Villager (Male) |
| 2:43 | Crear | Villager (Male) |
| 2:43 | Crear | Villager (Male) |
| 3:17 | Construir | Lumber Camp |
| 3:27 | Crear | Villager (Male) |
| 3:27 | Crear | Villager (Male) |
| 3:27 | Crear | Villager (Male) |
| 3:44 | Crear | Villager (Male) |
| 3:44 | Crear | Villager (Male) |
| 3:44 | Crear | Villager (Male) |
| 4:14 | Crear | Villager (Male) |
| 4:14 | Crear | Villager (Male) |
| 4:45 | Crear | Villager (Male) |
| 4:45 | Crear | Villager (Male) |
| 4:45 | Crear | Villager (Male) |
| 5:14 | Crear | Villager (Male) |
| 5:14 | Crear | Villager (Male) |
| 5:15 | Crear | Villager (Male) |
| 5:15 | Crear | Villager (Male) |
| 5:34 | Construir | Mill |
| 5:50 | Crear | Villager (Male) |
| 5:51 | Crear | Villager (Male) |
| 5:51 | Crear | Villager (Male) |
| 6:36 | Construir | House |
| 6:39 | Construir | House |
| 6:52 | Crear | Villager (Male) |
| 6:52 | Crear | Villager (Male) |
| 7:16 | Crear | Villager (Male) |
| 7:16 | Crear | Villager (Male) |
| 7:33 | Construir | Mill |
| 8:20 | Crear | Villager (Male) |
| 8:20 | Crear | Villager (Male) |
| 9:04 | Crear | Villager (Male) |
| 9:04 | Crear | Villager (Male) |
| 9:47 | Crear | Villager (Male) |
| 9:56 | Investigar | Feudal Age |
| 10:03 | Construir | Mining Camp |
| 10:56 | Construir | Barracks |
| 10:59 | Construir | House |
| 11:04 | Construir | House |
| 12:49 | Edad | Edad Feudal |
| 12:56 | Construir | Market |
| 13:05 | Construir | Blacksmith |
| 13:12 | Crear | Villager (Male) |
| 13:13 | Crear | Villager (Male) |
| 13:13 | Crear | Villager (Male) |
| 13:13 | Crear | Villager (Male) |
| 14:00 | Construir | House |
| 14:02 | Construir | House |
| 14:04 | Construir | House |
| 14:06 | Construir | House |
| 14:20 | Investigar | Castle Age |
| 14:25 | Investigar | Horse Collar |
| 14:35 | Investigar | Gold Mining |
| 14:49 | Construir | Farm |
| 14:51 | Construir | Farm |
| 14:56 | Construir | Farm |
| 14:59 | Construir | Farm |
| 15:02 | Construir | Farm |
| 15:05 | Construir | Farm |
| 15:08 | Construir | Farm |
| 15:40 | Construir | Farm |
| 15:44 | Construir | Farm |
| 15:57 | Investigar | Double-Bit Axe |
| 16:02 | Construir | House |
| 16:04 | Construir | House |
| 17:01 | Crear | Trade Cart |
| 17:01 | Crear | Trade Cart |
| 17:03 | Crear | Trade Cart |
| 17:17 | Investigar | Wheelbarrow |
| 17:33 | Edad | Edad de los Castillos |
| 17:38 | Construir | Town Center |
| 18:17 | Construir | Monastery |
| 18:21 | Crear | Villager (Male) |
| 18:21 | Crear | Villager (Male) |
| 18:46 | Investigar | Bow Saw |
| 19:05 | Crear | Villager (Male) |
| 19:06 | Crear | Villager (Male) |
| 19:07 | Crear | Villager (Male) |
| 19:17 | Investigar | Stone Mining |
| 19:25 | Construir | House |
| 19:27 | Construir | House |
| 19:29 | Construir | House |
| 19:31 | Construir | House |
| 19:35 | Crear | Monk |
| 19:35 | Crear | Monk |
| 19:43 | Investigar | Heavy Plow |
| 20:11 | Crear | Villager (Male) |
| 20:11 | Crear | Villager (Male) |
| 20:13 | Crear | Villager (Male) |
| 20:18 | Crear | Villager (Male) |
| 20:33 | Construir | Town Center |
| 20:41 | Construir | Farm |
| 20:45 | Construir | Farm |
| 21:08 | Crear | Trade Cart |
| 21:11 | Construir | Farm |
| 21:21 | Crear | Villager (Male) |
| 21:23 | Crear | Villager (Male) |
| 21:24 | Crear | Villager (Male) |
| 21:25 | Crear | Villager (Male) |
| 21:27 | Construir | Farm |
| 21:39 | Construir | Farm |
| 21:45 | Construir | House |
| 21:46 | Construir | House |
| 21:51 | Crear | Villager (Male) |
| 21:53 | Crear | Villager (Male) |
| 21:57 | Construir | Farm |
| 22:13 | Crear | Villager (Male) |
| 22:20 | Crear | Villager (Male) |
| 22:28 | Construir | Farm |
| 22:31 | Crear | Villager (Male) |
| 22:32 | Crear | Villager (Male) |
| 23:01 | Construir | Town Center |
| 23:09 | Construir | Farm |
| 23:12 | Construir | Farm |
| 23:14 | Construir | Farm |
| 23:29 | Construir | Farm |
| 23:31 | Investigar | Caravan |
| 23:32 | Crear | Trade Cart |
| 23:33 | Crear | Trade Cart |
| 23:35 | Crear | Villager (Male) |
| 23:36 | Crear | Villager (Male) |
| 23:37 | Crear | Villager (Male) |
| 23:38 | Crear | Villager (Male) |
| 23:39 | Crear | Villager (Male) |
| 23:39 | Crear | Villager (Male) |
| 24:04 | Crear | Villager (Male) |
| 24:05 | Crear | Villager (Male) |
| 24:06 | Crear | Villager (Male) |
| 24:09 | Construir | Farm |
| 24:18 | Construir | Farm |
| 24:28 | Crear | Trade Cart |
| 24:30 | Crear | Villager (Male) |
| 24:31 | Crear | Villager (Male) |
| 24:33 | Crear | Villager (Male) |
| 24:36 | Construir | Farm |
| 24:51 | Construir | Farm |
| 24:54 | Construir | Farm |
| 24:57 | Construir | Farm |
Build order — Renju94
Primeras 150 de 225 acciones detectadas
| 0:05 | Investigar | Loom |
| 0:06 | Crear | Villager (Male) ×4 |
| 0:15 | Construir | Palisade Gate |
| 0:17 | Construir | Palisade Wall |
| 0:19 | Construir | Palisade Wall |
| 0:23 | Construir | House |
| 1:33 | Construir | House |
| 1:38 | Construir | House |
| 1:40 | Construir | House |
| 2:25 | Crear | Villager (Male) |
| 2:38 | Construir | Palisade Wall |
| 3:41 | Crear | Villager (Male) |
| 4:05 | Crear | Villager (Male) |
| 4:39 | Crear | Villager (Male) |
| 5:15 | Crear | Villager (Male) |
| 5:26 | Construir | Mill |
| 5:47 | Crear | Villager (Male) |
| 6:17 | Construir | Lumber Camp |
| 6:51 | Crear | Villager (Male) |
| 6:51 | Crear | Villager (Male) |
| 6:57 | Crear | Villager (Male) |
| 7:42 | Crear | Villager (Male) |
| 7:59 | Crear | Villager (Male) |
| 8:13 | Crear | Villager (Male) |
| 8:34 | Crear | Villager (Male) |
| 8:45 | Construir | House |
| 9:56 | Crear | Villager (Male) |
| 10:21 | Crear | Villager (Male) |
| 10:29 | Investigar | Double-Bit Axe |
| 11:46 | Investigar | Feudal Age |
| 12:38 | Construir | Mill |
| 13:21 | Construir | Mining Camp |
| 13:24 | Crear | Villager (Male) |
| 13:56 | Edad | Edad Feudal |
| 14:02 | Investigar | Bow Saw |
| 14:13 | Crear | Villager (Male) |
| 14:39 | Construir | Gate |
| 14:41 | Construir | Stone Wall |
| 14:42 | Construir | Stone Wall |
| 14:51 | Crear | Villager (Male) |
| 14:52 | Crear | Villager (Male) |
| 15:11 | Crear | Villager (Male) |
| 15:18 | Construir | Mining Camp |
| 15:25 | Investigar | Stone Mining |
| 15:30 | Crear | Villager (Male) |
| 15:55 | Crear | Villager (Male) |
| 16:07 | Construir | House |
| 16:08 | Construir | House |
| 16:30 | Construir | Watch Tower |
| 16:36 | Crear | Villager (Male) |
| 16:49 | Construir | Lumber Camp |
| 16:58 | Investigar | Horse Collar |
| 17:07 | Investigar | Gold Mining |
| 17:15 | Crear | Villager (Male) |
| 17:16 | Crear | Villager (Male) |
| 17:56 | Construir | Stone Wall |
| 17:59 | Crear | Villager (Male) |
| 18:14 | Construir | Mill |
| 18:18 | Crear | Villager (Male) |
| 18:48 | Construir | Farm |
| 18:49 | Construir | Farm |
| 18:49 | Construir | Farm |
| 18:49 | Construir | Farm |
| 18:49 | Construir | Farm |
| 18:52 | Crear | Villager (Male) |
| 18:52 | Crear | Villager (Male) |
| 19:08 | Construir | Blacksmith |
| 19:22 | Construir | Stone Wall |
| 19:56 | Construir | Mining Camp |
| 20:20 | Construir | Market |
| 20:57 | Construir | Mining Camp |
| 21:09 | Construir | House |
| 21:10 | Construir | House |
| 21:10 | Construir | House |
| 21:29 | Construir | Gate |
| 21:32 | Construir | Stone Wall |
| 21:33 | Construir | Stone Wall |
| 21:37 | Investigar | Castle Age |
| 21:49 | Crear | Trade Cart |
| 22:17 | Construir | Farm |
| 22:17 | Construir | Farm |
| 22:17 | Construir | Farm |
| 22:17 | Construir | Farm |
| 22:28 | Construir | Farm |
| 22:31 | Investigar | Heavy Plow |
| 23:01 | Construir | Farm |
| 23:02 | Construir | Farm |
| 23:11 | Construir | Barracks |
| 23:16 | Investigar | Gold Shaft Mining |
| 23:52 | Crear | Villager (Male) |
| 23:57 | Construir | Farm |
| 23:57 | Construir | Farm |
| 23:57 | Construir | Farm |
| 23:57 | Construir | Farm |
| 23:58 | Construir | Farm |
| 23:59 | Construir | Farm |
| 23:59 | Construir | Farm |
| 23:59 | Construir | Farm |
| 23:59 | Construir | Farm |
| 24:00 | Construir | Farm |
| 24:17 | Edad | Edad de los Castillos |
| 24:19 | Crear | Villager (Male) |
| 24:31 | Crear | Trade Cart ×4 |
| 24:42 | Investigar | Crop Rotation |
| 24:45 | Crear | Villager (Male) |
| 24:53 | Construir | Siege Workshop |
| 25:36 | Crear | Villager (Male) |
| 25:36 | Crear | Villager (Male) |
| 25:42 | Crear | Mangonel |
| 26:01 | Crear | Villager (Male) |
| 26:32 | Crear | Villager (Male) |
| 26:42 | Crear | Villager (Male) |
| 27:20 | Crear | Villager (Male) |
| 27:34 | Construir | Archery Range |
| 27:45 | Crear | Villager (Male) |
| 27:51 | Investigar | Two-Man Saw |
| 27:56 | Crear | Mangonel |
| 28:03 | Crear | Villager (Male) |
| 28:14 | Construir | House |
| 28:15 | Construir | House |
| 28:15 | Construir | House |
| 28:36 | Construir | Castle |
| 28:54 | Investigar | Crossbowman (upgrade) |
| 28:54 | Crear | Archer ×5 |
| 29:00 | Crear | Villager (Male) |
| 29:00 | Crear | Villager (Male) |
| 29:00 | Crear | Villager (Male) |
| 29:19 | Crear | Villager (Male) |
| 30:06 | Construir | Farm |
| 30:25 | Crear | Villager (Male) |
| 30:25 | Crear | Villager (Male) |
| 30:54 | Construir | Blacksmith |
| 30:59 | Crear | Villager (Male) |
| 30:59 | Crear | Villager (Male) |
| 31:13 | Construir | Monastery |
| 31:17 | Construir | Stable |
| 31:48 | Investigar | Forging |
| 31:53 | Crear | Coustillier ×5 |
| 32:02 | Construir | House |
| 32:03 | Construir | House |
| 32:04 | Construir | House |
| 32:04 | Construir | House |
| 32:08 | Crear | Villager (Male) |
| 32:10 | Crear | Monk |
| 32:28 | Investigar | Husbandry |
| 32:33 | Crear | Villager (Male) |
| 32:33 | Crear | Villager (Male) |
| 33:23 | Crear | Archer |
| 33:23 | Crear | Archer |
| 33:32 | Investigar | Iron Casting |
Build order — 泊二世
Primeras 150 de 381 acciones detectadas
| 0:06 | Investigar | Loom |
| 0:06 | Crear | Villager (Male) |
| 0:17 | Construir | House |
| 0:35 | Crear | Villager (Male) |
| 0:35 | Crear | Villager (Male) |
| 0:35 | Crear | Villager (Male) |
| 0:36 | Crear | Villager (Male) |
| 1:12 | Construir | House |
| 1:42 | Construir | Palisade Wall |
| 2:29 | Crear | Villager (Male) |
| 2:29 | Crear | Villager (Male) |
| 2:30 | Crear | Villager (Male) |
| 2:59 | Crear | Villager (Male) |
| 3:00 | Crear | Villager (Male) |
| 3:43 | Construir | Mill |
| 3:45 | Crear | Villager (Male) |
| 3:45 | Crear | Villager (Male) |
| 3:45 | Crear | Villager (Male) |
| 4:18 | Crear | Villager (Male) |
| 4:19 | Crear | Villager (Male) |
| 4:19 | Crear | Villager (Male) |
| 4:47 | Crear | Villager (Male) |
| 4:48 | Crear | Villager (Male) |
| 4:48 | Crear | Villager (Male) |
| 5:02 | Crear | Villager (Male) |
| 5:03 | Crear | Villager (Male) |
| 5:03 | Crear | Villager (Male) |
| 5:29 | Construir | House |
| 5:43 | Crear | Villager (Male) |
| 5:43 | Crear | Villager (Male) |
| 5:43 | Crear | Villager (Male) |
| 5:43 | Crear | Villager (Male) |
| 6:12 | Crear | Villager (Male) |
| 6:13 | Crear | Villager (Male) |
| 6:13 | Crear | Villager (Male) |
| 6:13 | Crear | Villager (Male) |
| 6:23 | Construir | House |
| 6:48 | Construir | Lumber Camp |
| 7:22 | Crear | Villager (Male) |
| 7:40 | Construir | House |
| 7:56 | Crear | Villager (Male) |
| 8:19 | Construir | House |
| 8:55 | Crear | Villager (Male) |
| 9:11 | Construir | Palisade Wall |
| 10:00 | Investigar | Feudal Age |
| 11:36 | Construir | Palisade Wall |
| 12:10 | Edad | Edad Feudal |
| 12:11 | Investigar | Wheelbarrow |
| 12:15 | Investigar | Horse Collar |
| 12:18 | Investigar | Double-Bit Axe |
| 12:59 | Construir | House |
| 13:16 | Construir | Barracks |
| 13:36 | Construir | Mill |
| 13:47 | Crear | Villager (Male) |
| 13:47 | Crear | Villager (Male) |
| 14:19 | Construir | Stable |
| 14:23 | Crear | Villager (Male) |
| 14:23 | Crear | Villager (Male) |
| 14:30 | Construir | Mining Camp |
| 14:32 | Crear | Villager (Male) |
| 15:17 | Construir | Blacksmith |
| 15:21 | Crear | Villager (Male) |
| 16:00 | Investigar | Gold Mining |
| 16:24 | Construir | House |
| 16:29 | Construir | Farm |
| 16:31 | Construir | Farm |
| 16:32 | Construir | Farm |
| 16:34 | Construir | Farm |
| 16:35 | Construir | Farm |
| 16:36 | Construir | Farm |
| 16:40 | Construir | Farm |
| 16:43 | Crear | Villager (Male) |
| 16:43 | Crear | Villager (Male) |
| 16:43 | Crear | Villager (Male) |
| 17:16 | Construir | Farm |
| 17:51 | Crear | Villager (Male) |
| 18:05 | Construir | Mining Camp |
| 18:17 | Construir | Farm |
| 18:25 | Crear | Villager (Male) |
| 18:25 | Crear | Villager (Male) |
| 18:30 | Construir | Farm |
| 18:45 | Crear | Villager (Male) |
| 18:59 | Construir | Farm |
| 19:17 | Crear | Villager (Male) |
| 19:22 | Construir | Farm |
| 19:45 | Construir | Farm |
| 19:52 | Crear | Villager (Male) |
| 19:52 | Crear | Villager (Male) |
| 19:52 | Crear | Villager (Male) |
| 20:06 | Investigar | Castle Age |
| 20:21 | Investigar | Stone Mining |
| 20:53 | Construir | Farm |
| 21:13 | Construir | Farm |
| 21:15 | Construir | Farm |
| 21:17 | Construir | Farm |
| 21:22 | Construir | Farm |
| 22:46 | Edad | Edad de los Castillos |
| 22:47 | Investigar | Hand Cart |
| 22:47 | Investigar | Hand Cart |
| 22:50 | Investigar | Heavy Plow |
| 23:05 | Investigar | Bow Saw |
| 23:10 | Crear | Villager (Male) |
| 23:10 | Crear | Villager (Male) |
| 23:11 | Crear | Villager (Male) |
| 23:11 | Crear | Villager (Male) |
| 24:52 | Construir | Town Center |
| 24:56 | Crear | Villager (Male) |
| 25:03 | Construir | House |
| 25:09 | Investigar | Gold Shaft Mining |
| 25:10 | Investigar | Stone Shaft Mining |
| 25:15 | Investigar | Stone Shaft Mining |
| 25:19 | Crear | Villager (Male) |
| 25:20 | Crear | Villager (Male) |
| 25:37 | Construir | House |
| 25:44 | Crear | Villager (Male) |
| 26:02 | Investigar | Gold Shaft Mining |
| 26:40 | Construir | House |
| 26:51 | Crear | Villager (Male) |
| 26:51 | Crear | Villager (Male) |
| 26:55 | Crear | Villager (Male) |
| 26:56 | Crear | Villager (Male) |
| 26:56 | Crear | Villager (Male) |
| 27:23 | Construir | Siege Workshop |
| 27:51 | Crear | Villager (Male) |
| 28:13 | Construir | Castle |
| 28:16 | Crear | Villager (Male) |
| 28:17 | Crear | Villager (Male) |
| 28:17 | Crear | Villager (Male) |
| 28:23 | Crear | Villager (Male) |
| 28:24 | Crear | Villager (Male) |
| 28:31 | Crear | Mangonel |
| 28:51 | Construir | Barracks |
| 28:53 | Construir | Barracks |
| 29:02 | Investigar | Forging |
| 29:03 | Investigar | Scale Barding Armor |
| 29:21 | Crear | Villager (Male) |
| 29:29 | Investigar | Imperial Age |
| 29:31 | Crear | Villager (Male) |
| 29:32 | Crear | Villager (Male) |
| 29:32 | Crear | Villager (Male) |
| 30:05 | Investigar | Pikeman (upgrade) |
| 30:16 | Investigar | Scale Mail Armor |
| 30:40 | Crear | Scorpion |
| 30:40 | Crear | Scorpion |
| 30:41 | Crear | Scorpion |
| 30:41 | Crear | Scorpion |
| 30:42 | Crear | Scorpion |
| 30:50 | Crear | Villager (Male) |
| 30:50 | Crear | Villager (Male) |
| 30:50 | Crear | Villager (Male) |
Build order — Joker
Primeras 150 de 435 acciones detectadas
| 0:26 | Construir | House |
| 0:26 | Construir | House |
| 0:29 | Crear | Villager (Male) ×4 |
| 0:35 | Investigar | Loom |
| 0:37 | Crear | Villager (Male) |
| 0:38 | Crear | Villager (Male) |
| 0:38 | Crear | Villager (Male) |
| 0:38 | Crear | Villager (Male) |
| 1:30 | Construir | Lumber Camp |
| 1:35 | Construir | House |
| 1:37 | Construir | House |
| 1:52 | Crear | Villager (Male) |
| 1:52 | Crear | Villager (Male) |
| 2:19 | Crear | Villager (Male) |
| 2:20 | Crear | Villager (Male) |
| 3:25 | Crear | Villager (Male) |
| 3:25 | Crear | Villager (Male) |
| 3:25 | Crear | Villager (Male) |
| 3:53 | Crear | Villager (Male) |
| 3:53 | Crear | Villager (Male) |
| 4:25 | Crear | Villager (Male) |
| 4:25 | Crear | Villager (Male) |
| 4:26 | Crear | Villager (Male) |
| 5:07 | Crear | Villager (Male) |
| 5:07 | Crear | Villager (Male) |
| 5:35 | Crear | Villager (Male) |
| 6:10 | Crear | Villager (Male) |
| 6:11 | Crear | Villager (Male) |
| 6:39 | Crear | Villager (Male) |
| 6:39 | Crear | Villager (Male) |
| 6:58 | Crear | Villager (Male) |
| 7:57 | Crear | Villager (Male) |
| 7:57 | Crear | Villager (Male) |
| 8:11 | Construir | Mill |
| 8:47 | Investigar | Feudal Age |
| 9:05 | Construir | Lumber Camp |
| 9:20 | Construir | House |
| 9:47 | Crear | Villager (Male) |
| 9:47 | Crear | Villager (Male) |
| 9:47 | Crear | Villager (Male) |
| 10:33 | Construir | Mining Camp |
| 10:41 | Crear | Villager (Male) |
| 10:41 | Crear | Villager (Male) |
| 11:25 | Edad | Edad Feudal |
| 11:27 | Investigar | Double-Bit Axe |
| 11:31 | Investigar | Horse Collar |
| 11:41 | Construir | Mill |
| 12:22 | Construir | Farm |
| 12:22 | Construir | Farm |
| 12:22 | Construir | Farm |
| 12:22 | Construir | Farm |
| 12:24 | Construir | Farm |
| 12:29 | Crear | Villager (Male) |
| 12:40 | Construir | House |
| 12:41 | Construir | House |
| 12:42 | Construir | House |
| 13:07 | Construir | Farm |
| 13:07 | Construir | Farm |
| 13:10 | Construir | Farm |
| 13:26 | Construir | House |
| 13:41 | Crear | Villager (Male) |
| 13:41 | Crear | Villager (Male) |
| 13:41 | Crear | Villager (Male) |
| 13:51 | Crear | Villager (Male) |
| 13:51 | Crear | Villager (Male) |
| 14:20 | Construir | Farm |
| 14:52 | Construir | Palisade Wall |
| 15:00 | Crear | Villager (Male) |
| 15:00 | Crear | Villager (Male) |
| 15:07 | Construir | House |
| 15:08 | Construir | House |
| 15:39 | Crear | Villager (Male) |
| 15:39 | Crear | Villager (Male) |
| 15:40 | Crear | Villager (Male) |
| 15:56 | Construir | Blacksmith |
| 16:07 | Construir | Barracks |
| 16:27 | Construir | Market |
| 17:42 | Crear | Trade Cart |
| 17:43 | Crear | Trade Cart |
| 17:43 | Crear | Trade Cart |
| 17:43 | Crear | Trade Cart |
| 17:43 | Crear | Trade Cart |
| 18:26 | Investigar | Castle Age |
| 18:33 | Construir | Mining Camp |
| 18:39 | Construir | Farm |
| 18:39 | Construir | Farm |
| 18:39 | Construir | Farm |
| 18:40 | Construir | Farm |
| 18:40 | Construir | Farm |
| 18:40 | Construir | Farm |
| 18:41 | Construir | Farm |
| 19:14 | Crear | Villager (Male) |
| 19:15 | Crear | Villager (Male) |
| 19:15 | Crear | Villager (Male) |
| 19:15 | Crear | Villager (Male) |
| 20:19 | Investigar | Stone Mining |
| 20:24 | Investigar | Gold Mining |
| 21:06 | Edad | Edad de los Castillos |
| 21:09 | Investigar | Caravan |
| 21:25 | Construir | Town Center |
| 21:36 | Construir | Town Center |
| 21:45 | Investigar | Bow Saw |
| 21:49 | Investigar | Heavy Plow |
| 22:12 | Crear | Villager (Male) |
| 22:12 | Crear | Villager (Male) |
| 22:25 | Construir | House |
| 22:26 | Construir | House |
| 22:40 | Crear | Villager (Male) ×5 |
| 22:42 | Investigar | Town Watch |
| 23:02 | Investigar | Wheelbarrow |
| 23:11 | Crear | Villager (Male) ×5 |
| 23:39 | Crear | Villager (Male) |
| 23:40 | Crear | Villager (Male) |
| 23:48 | Crear | Villager (Male) |
| 23:49 | Crear | Villager (Male) |
| 23:57 | Crear | Villager (Male) |
| 23:58 | Crear | Villager (Male) |
| 24:07 | Construir | Farm |
| 24:08 | Construir | Farm |
| 24:08 | Construir | Farm |
| 24:08 | Construir | Farm |
| 24:09 | Construir | Farm |
| 24:10 | Construir | Farm |
| 24:12 | Construir | Farm |
| 24:12 | Construir | Farm |
| 24:12 | Construir | Farm |
| 24:19 | Crear | Villager (Male) |
| 24:22 | Crear | Villager (Male) |
| 24:29 | Crear | Villager (Male) |
| 24:49 | Construir | Castle |
| 24:54 | Construir | Monastery |
| 25:00 | Construir | House |
| 25:01 | Construir | House |
| 25:05 | Construir | House |
| 25:06 | Construir | House |
| 25:07 | Construir | House |
| 25:10 | Construir | House |
| 25:19 | Crear | Villager (Male) |
| 25:20 | Crear | Villager (Male) |
| 25:20 | Crear | Villager (Male) |
| 25:25 | Investigar | Hand Cart |
| 25:42 | Investigar | Town Watch |
| 25:46 | Construir | Farm |
| 26:06 | Construir | Farm |
| 26:07 | Construir | Farm |
| 26:28 | Crear | Villager (Male) |
| 26:33 | Construir | Farm |
| 26:37 | Crear | Villager (Male) |
| 26:37 | Crear | Villager (Male) |
| 26:37 | Crear | Villager (Male) |
Build order — 鸡儿哥爆顶胡敢敢
Primeras 150 de 305 acciones detectadas
| 0:04 | Crear | Villager (Male) |
| 0:05 | Crear | Villager (Male) |
| 0:05 | Crear | Villager (Male) |
| 0:05 | Crear | Villager (Male) |
| 0:42 | Construir | House |
| 1:35 | Construir | House |
| 2:08 | Construir | Palisade Wall |
| 2:22 | Construir | House |
| 2:27 | Crear | Villager (Male) |
| 3:02 | Crear | Villager (Male) |
| 3:02 | Crear | Villager (Male) |
| 3:34 | Construir | Palisade Wall |
| 3:41 | Crear | Villager (Male) |
| 3:41 | Crear | Villager (Male) |
| 4:41 | Crear | Villager (Male) |
| 4:42 | Crear | Villager (Male) |
| 5:17 | Crear | Villager (Male) |
| 5:17 | Crear | Villager (Male) |
| 5:17 | Crear | Villager (Male) |
| 6:08 | Construir | Mill |
| 6:12 | Crear | Villager (Male) |
| 6:12 | Crear | Villager (Male) |
| 6:33 | Crear | Villager (Male) |
| 6:33 | Crear | Villager (Male) |
| 6:53 | Construir | Mining Camp |
| 7:07 | Crear | Villager (Male) |
| 7:07 | Crear | Villager (Male) |
| 7:21 | Crear | Villager (Male) |
| 7:22 | Crear | Villager (Male) |
| 8:02 | Construir | Palisade Wall |
| 8:09 | Crear | Villager (Male) |
| 8:59 | Crear | Villager (Male) |
| 8:59 | Crear | Villager (Male) |
| 9:00 | Crear | Villager (Male) |
| 9:00 | Crear | Villager (Male) |
| 9:16 | Construir | Lumber Camp |
| 10:08 | Crear | Villager (Male) |
| 10:08 | Crear | Villager (Male) |
| 11:08 | Crear | Villager (Male) |
| 11:08 | Crear | Villager (Male) |
| 11:17 | Crear | Villager (Male) |
| 11:44 | Construir | Farm |
| 11:54 | Crear | Villager (Male) |
| 12:06 | Construir | Farm |
| 12:31 | Construir | Farm |
| 12:38 | Investigar | Feudal Age |
| 12:56 | Construir | Farm |
| 12:58 | Construir | Farm |
| 13:00 | Construir | Farm |
| 13:02 | Construir | Farm |
| 13:20 | Construir | House |
| 13:21 | Construir | House |
| 14:24 | Crear | Villager (Male) |
| 14:24 | Crear | Villager (Male) |
| 14:58 | Edad | Edad Feudal |
| 15:10 | Construir | Stone Wall |
| 15:20 | Crear | Villager (Male) |
| 15:25 | Investigar | Double-Bit Axe |
| 16:21 | Crear | Villager (Male) |
| 16:21 | Crear | Villager (Male) |
| 16:21 | Crear | Villager (Male) |
| 16:40 | Construir | Barracks |
| 16:46 | Crear | Villager (Male) |
| 17:11 | Crear | Villager (Male) |
| 17:26 | Construir | Stable |
| 17:40 | Construir | Stone Wall |
| 17:52 | Crear | Villager (Male) |
| 17:58 | Construir | Blacksmith |
| 18:40 | Construir | Mining Camp |
| 18:45 | Investigar | Castle Age |
| 19:20 | Construir | Lumber Camp |
| 19:29 | Investigar | Horse Collar |
| 19:35 | Construir | Farm |
| 19:36 | Construir | Farm |
| 19:39 | Construir | Farm |
| 20:05 | Construir | Gate |
| 20:30 | Construir | Farm |
| 20:35 | Construir | Farm |
| 20:42 | Investigar | Stone Mining |
| 21:31 | Edad | Edad de los Castillos |
| 21:41 | Construir | House |
| 21:44 | Construir | House |
| 21:47 | Construir | House |
| 21:49 | Construir | House |
| 21:50 | Construir | House |
| 21:51 | Construir | House |
| 21:52 | Construir | House |
| 22:05 | Crear | Villager (Male) |
| 22:05 | Crear | Villager (Male) |
| 22:05 | Crear | Villager (Male) |
| 22:05 | Crear | Villager (Male) |
| 22:06 | Crear | Villager (Male) |
| 22:14 | Investigar | Bow Saw |
| 22:47 | Investigar | Heavy Plow |
| 23:10 | Construir | Farm |
| 23:29 | Construir | Farm |
| 23:51 | Construir | Lumber Camp |
| 23:55 | Crear | Villager (Male) |
| 23:55 | Crear | Villager (Male) |
| 24:10 | Construir | Farm |
| 24:42 | Crear | Villager (Male) |
| 24:42 | Crear | Villager (Male) |
| 24:53 | Construir | Castle |
| 25:19 | Crear | Villager (Male) |
| 25:19 | Crear | Villager (Male) |
| 25:32 | Construir | House |
| 25:37 | Construir | House |
| 25:43 | Crear | Villager (Male) |
| 25:43 | Crear | Villager (Male) |
| 26:33 | Crear | Villager (Male) |
| 26:47 | Construir | Farm |
| 26:48 | Construir | Farm |
| 26:51 | Construir | Farm |
| 27:05 | Construir | Town Center |
| 27:09 | Crear | Villager (Male) ×5 |
| 27:26 | Construir | Mining Camp |
| 28:21 | Investigar | Gold Mining |
| 29:01 | Construir | Town Center |
| 29:12 | Investigar | Stone Shaft Mining |
| 29:15 | Crear | Villager (Male) ×5 |
| 29:27 | Construir | Farm |
| 30:08 | Construir | Mining Camp |
| 30:18 | Construir | Farm |
| 30:32 | Crear | Villager (Male) |
| 30:33 | Crear | Villager (Male) |
| 30:33 | Crear | Villager (Male) |
| 30:33 | Crear | Villager (Male) |
| 30:33 | Crear | Villager (Male) |
| 30:50 | Crear | Villager (Male) |
| 30:50 | Crear | Villager (Male) |
| 30:50 | Crear | Villager (Male) |
| 30:51 | Crear | Villager (Male) |
| 31:15 | Crear | Villager (Male) |
| 31:33 | Investigar | Imperial Age |
| 31:57 | Construir | Farm |
| 32:01 | Construir | Farm |
| 32:05 | Construir | Farm |
| 32:13 | Construir | Farm |
| 32:20 | Crear | Villager (Male) ×5 |
| 32:25 | Crear | Villager (Male) |
| 33:04 | Construir | Farm |
| 33:07 | Construir | Farm |
| 33:09 | Construir | Farm |
| 33:11 | Construir | Farm |
| 33:15 | Crear | Villager (Male) |
| 33:15 | Crear | Villager (Male) |
| 33:15 | Crear | Villager (Male) |
| 33:15 | Crear | Villager (Male) |
| 33:16 | Crear | Villager (Male) |
| 33:19 | Crear | Villager (Male) |
Build order — rnesto188
Primeras 150 de 395 acciones detectadas
| 0:03 | Construir | House |
| 0:05 | Construir | House |
| 0:06 | Construir | House |
| 0:07 | Construir | House |
| 0:12 | Crear | Villager (Male) |
| 0:13 | Crear | Villager (Male) |
| 0:13 | Crear | Villager (Male) |
| 0:13 | Crear | Villager (Male) |
| 0:13 | Crear | Villager (Male) |
| 0:14 | Investigar | Loom |
| 1:51 | Crear | Villager (Male) |
| 1:51 | Crear | Villager (Male) |
| 1:52 | Crear | Villager (Male) |
| 2:07 | Construir | House |
| 2:10 | Construir | House |
| 2:15 | Construir | House |
| 2:26 | Crear | Villager (Male) |
| 3:05 | Crear | Villager (Male) |
| 3:32 | Crear | Villager (Male) |
| 3:33 | Crear | Villager (Male) |
| 3:33 | Crear | Villager (Male) |
| 3:33 | Crear | Villager (Male) |
| 4:36 | Construir | House |
| 4:47 | Construir | House |
| 4:49 | Construir | House |
| 4:50 | Construir | House |
| 5:05 | Crear | Villager (Male) |
| 7:10 | Construir | Mill |
| 7:20 | Crear | Villager (Male) |
| 7:20 | Crear | Villager (Male) |
| 7:21 | Crear | Villager (Male) |
| 8:25 | Crear | Villager (Male) |
| 8:26 | Crear | Villager (Male) |
| 8:45 | Construir | Lumber Camp |
| 9:04 | Crear | Villager (Male) |
| 9:29 | Crear | Villager (Male) |
| 9:40 | Crear | Villager (Male) |
| 9:41 | Investigar | Feudal Age |
| 10:25 | Construir | Mill |
| 10:41 | Crear | Villager (Male) |
| 10:41 | Crear | Villager (Male) |
| 10:43 | Crear | Villager (Male) |
| 10:45 | Crear | Villager (Male) |
| 10:46 | Crear | Villager (Male) |
| 12:34 | Edad | Edad Feudal |
| 12:37 | Investigar | Double-Bit Axe |
| 12:41 | Investigar | Horse Collar |
| 12:54 | Construir | Mining Camp |
| 13:08 | Construir | Mining Camp |
| 13:26 | Investigar | Wheelbarrow |
| 13:27 | Investigar | Town Watch |
| 13:29 | Crear | Villager (Male) |
| 13:37 | Investigar | Gold Mining |
| 13:38 | Investigar | Stone Mining |
| 14:34 | Construir | Market |
| 14:41 | Crear | Villager (Male) |
| 14:42 | Crear | Villager (Male) |
| 14:43 | Crear | Villager (Male) |
| 15:03 | Construir | Farm |
| 15:36 | Construir | Farm |
| 15:49 | Construir | Blacksmith |
| 16:32 | Construir | Farm |
| 16:35 | Construir | Farm |
| 16:39 | Construir | Farm |
| 17:22 | Crear | Villager (Male) |
| 17:28 | Construir | Farm |
| 17:33 | Construir | Farm |
| 17:37 | Construir | Farm |
| 17:54 | Investigar | Castle Age |
| 18:54 | Crear | Villager (Male) |
| 18:54 | Crear | Villager (Male) |
| 19:05 | Investigar | Fletching |
| 20:19 | Edad | Edad de los Castillos |
| 20:25 | Construir | Town Center |
| 20:40 | Construir | Town Center |
| 20:49 | Crear | Villager (Male) |
| 20:57 | Investigar | Bow Saw |
| 21:02 | Investigar | Stone Shaft Mining |
| 21:19 | Construir | Castle |
| 21:40 | Crear | Villager (Male) |
| 21:41 | Crear | Villager (Male) |
| 21:53 | Crear | Villager (Male) |
| 22:05 | Crear | Villager (Male) |
| 22:29 | Crear | Villager (Male) |
| 22:35 | Construir | Farm |
| 22:42 | Crear | Villager (Male) |
| 22:58 | Crear | Villager (Male) |
| 23:07 | Construir | Farm |
| 23:11 | Crear | Villager (Male) |
| 23:22 | Construir | Farm |
| 23:31 | Construir | University |
| 23:37 | Crear | Villager (Male) |
| 23:38 | Crear | Villager (Male) |
| 23:38 | Crear | Villager (Male) |
| 23:46 | Construir | Farm |
| 24:05 | Crear | Villager (Male) |
| 24:13 | Construir | Farm |
| 24:45 | Construir | Barracks |
| 24:53 | Crear | Villager (Male) |
| 24:53 | Crear | Villager (Male) |
| 24:56 | Crear | Villager (Male) |
| 24:57 | Crear | Villager (Male) |
| 25:02 | Crear | Villager (Male) |
| 25:13 | Construir | Monastery |
| 25:21 | Construir | Farm |
| 25:25 | Construir | Farm |
| 25:33 | Crear | Villager (Male) |
| 25:34 | Crear | Villager (Male) |
| 25:35 | Crear | Villager (Male) |
| 25:41 | Construir | Farm |
| 25:48 | Crear | Villager (Male) |
| 25:48 | Crear | Villager (Male) |
| 25:54 | Crear | Villager (Male) |
| 25:54 | Crear | Villager (Male) |
| 25:55 | Crear | Villager (Male) |
| 26:04 | Construir | Farm |
| 26:12 | Crear | Monk |
| 26:16 | Construir | Farm |
| 26:22 | Construir | Farm |
| 26:26 | Crear | Villager (Male) |
| 26:27 | Crear | Villager (Male) |
| 26:27 | Crear | Villager (Male) |
| 26:40 | Construir | Siege Workshop |
| 26:46 | Construir | Stable |
| 26:54 | Crear | Villager (Male) |
| 26:55 | Crear | Villager (Male) |
| 26:59 | Crear | Villager (Male) |
| 27:00 | Crear | Villager (Male) |
| 27:00 | Crear | Villager (Male) |
| 27:00 | Crear | Villager (Male) |
| 27:08 | Construir | Farm |
| 27:12 | Construir | Farm |
| 27:31 | Crear | Villager (Male) |
| 27:32 | Crear | Villager (Male) |
| 27:36 | Crear | Villager (Male) |
| 27:36 | Crear | Villager (Male) |
| 27:37 | Crear | Villager (Male) |
| 27:43 | Construir | Farm |
| 27:49 | Construir | Farm |
| 28:04 | Investigar | Gold Shaft Mining |
| 28:22 | Investigar | Ballistics |
| 28:23 | Investigar | Masonry |
| 28:35 | Construir | Farm |
| 28:36 | Construir | Farm |
| 28:41 | Crear | Villager (Male) |
| 28:41 | Crear | Villager (Male) |
| 28:42 | Crear | Villager (Male) |
| 28:49 | Construir | Farm |
| 28:55 | Construir | Farm |
| 29:04 | Crear | Villager (Male) |
Build order — 寻薇
Primeras 150 de 284 acciones detectadas
| 0:08 | Construir | House |
| 0:10 | Construir | House |
| 0:11 | Crear | Villager (Male) |
| 0:11 | Crear | Villager (Male) |
| 0:12 | Crear | Villager (Male) |
| 0:12 | Crear | Villager (Male) |
| 1:42 | Construir | Palisade Wall |
| 1:54 | Crear | Villager (Male) |
| 2:26 | Construir | Lumber Camp |
| 2:28 | Crear | Villager (Male) |
| 2:28 | Crear | Villager (Male) |
| 2:51 | Crear | Villager (Male) |
| 2:51 | Crear | Villager (Male) |
| 3:24 | Crear | Villager (Male) |
| 3:24 | Crear | Villager (Male) |
| 3:52 | Crear | Villager (Male) |
| 4:22 | Crear | Villager (Male) |
| 4:49 | Crear | Villager (Male) |
| 4:55 | Construir | Mill |
| 5:18 | Crear | Villager (Male) |
| 5:24 | Construir | House |
| 6:09 | Crear | Villager (Male) |
| 6:27 | Crear | Villager (Male) |
| 6:43 | Construir | House |
| 6:44 | Crear | Villager (Male) |
| 7:08 | Construir | House |
| 7:50 | Construir | House |
| 8:10 | Crear | Villager (Male) |
| 8:28 | Construir | Mining Camp |
| 8:34 | Crear | Villager (Male) |
| 8:52 | Investigar | Feudal Age |
| 9:07 | Construir | Mining Camp |
| 10:59 | Construir | Farm |
| 11:05 | Construir | Farm |
| 11:10 | Edad | Edad Feudal |
| 11:21 | Construir | Blacksmith |
| 12:33 | Construir | Market |
| 12:40 | Crear | Villager (Male) |
| 12:41 | Crear | Villager (Male) |
| 13:15 | Construir | House |
| 13:17 | Construir | House |
| 13:27 | Crear | Villager (Male) |
| 13:42 | Construir | Farm |
| 13:47 | Construir | Farm |
| 13:48 | Crear | Villager (Male) |
| 14:09 | Construir | Farm |
| 14:26 | Construir | House |
| 14:30 | Construir | Farm |
| 14:31 | Crear | Villager (Male) |
| 14:58 | Crear | Villager (Male) |
| 15:02 | Construir | Farm |
| 15:27 | Construir | Farm |
| 15:30 | Investigar | Castle Age |
| 15:47 | Investigar | Double-Bit Axe |
| 16:18 | Investigar | Horse Collar |
| 16:51 | Investigar | Gold Mining |
| 17:10 | Construir | Barracks |
| 18:10 | Edad | Edad de los Castillos |
| 18:23 | Construir | Castle |
| 18:30 | Crear | Villager (Male) |
| 18:30 | Crear | Villager (Male) |
| 18:30 | Crear | Villager (Male) |
| 18:31 | Crear | Villager (Male) |
| 18:31 | Crear | Villager (Male) |
| 18:35 | Crear | Villager (Male) |
| 18:36 | Crear | Villager (Male) |
| 18:36 | Crear | Villager (Male) |
| 19:31 | Investigar | Bow Saw |
| 20:25 | Construir | Town Center |
| 20:40 | Construir | Farm |
| 20:53 | Crear | Genoese Crossbowman |
| 20:53 | Crear | Genoese Crossbowman |
| 20:54 | Crear | Genoese Crossbowman |
| 20:54 | Crear | Genoese Crossbowman |
| 20:55 | Crear | Genoese Crossbowman |
| 21:16 | Construir | Farm |
| 21:22 | Construir | Farm |
| 21:50 | Crear | Villager (Male) |
| 21:50 | Crear | Villager (Male) |
| 21:51 | Crear | Villager (Male) |
| 21:51 | Crear | Villager (Male) |
| 22:03 | Crear | Villager (Male) |
| 22:13 | Investigar | Heavy Plow |
| 22:16 | Crear | Villager (Male) |
| 22:41 | Construir | Farm |
| 22:47 | Crear | Villager (Male) |
| 22:59 | Construir | Farm |
| 23:03 | Crear | Villager (Male) |
| 23:13 | Crear | Villager (Male) |
| 23:25 | Construir | Farm |
| 23:36 | Crear | Villager (Male) |
| 23:48 | Construir | Farm |
| 23:56 | Investigar | Wheelbarrow |
| 24:03 | Crear | Villager (Male) |
| 24:14 | Construir | Farm |
| 24:33 | Crear | Villager (Male) |
| 24:38 | Construir | Farm |
| 25:02 | Construir | Farm |
| 25:03 | Crear | Villager (Male) |
| 25:10 | Crear | Villager (Male) |
| 25:10 | Crear | Villager (Male) |
| 25:39 | Construir | Farm |
| 25:49 | Construir | University |
| 26:01 | Investigar | Hand Cart |
| 26:19 | Construir | Archery Range |
| 26:34 | Crear | Villager (Male) |
| 26:43 | Crear | Villager (Male) |
| 27:13 | Construir | Market |
| 27:27 | Construir | Siege Workshop |
| 29:00 | Construir | Archery Range |
| 29:18 | Crear | Villager (Male) |
| 29:22 | Investigar | Imperial Age |
| 30:29 | Construir | Archery Range |
| 30:53 | Construir | Stone Wall |
| 31:00 | Construir | Gate |
| 31:20 | Construir | Siege Workshop |
| 31:25 | Crear | Villager (Male) |
| 31:25 | Crear | Villager (Male) |
| 31:26 | Crear | Villager (Male) |
| 31:26 | Crear | Villager (Male) |
| 31:51 | Investigar | Silk Road |
| 32:02 | Construir | Farm |
| 32:10 | Construir | Archery Range |
| 32:23 | Crear | Genoese Crossbowman ×5 |
| 32:31 | Construir | Farm |
| 32:32 | Edad | Edad Imperial |
| 32:34 | Crear | Villager (Male) |
| 32:34 | Crear | Villager (Male) |
| 32:34 | Crear | Villager (Male) |
| 32:34 | Crear | Villager (Male) |
| 32:35 | Crear | Villager (Male) |
| 32:40 | Investigar | Elite Genoese Crossbowman (upgrade) |
| 32:47 | Investigar | Fletching |
| 32:47 | Investigar | Padded Archer Armor |
| 32:54 | Investigar | Chemistry |
| 33:09 | Construir | Archery Range |
| 33:11 | Crear | Villager (Male) |
| 33:11 | Crear | Villager (Male) |
| 33:19 | Crear | Trebuchet (Packed) |
| 33:19 | Crear | Trebuchet (Packed) |
| 33:19 | Crear | Trebuchet (Packed) |
| 33:47 | Crear | Villager (Male) |
| 33:47 | Crear | Villager (Male) |
| 33:48 | Crear | Villager (Male) |
| 33:53 | Construir | Farm |
| 33:54 | Crear | Villager (Male) |
| 33:55 | Crear | Villager (Male) |
| 34:04 | Crear | Trade Cart ×5 |
| 34:06 | Crear | Trade Cart ×5 |
| 34:27 | Investigar | Caravan |
Cronología de la partida
| 0:17 | Renju94 · wall_segment Palisade Wall x1 |
| 0:19 | Renju94 · wall_segment Palisade Wall x4 |
| 1:42 | 寻薇 · wall_segment Palisade Wall x9 |
| 1:42 | 泊二世 · wall_segment Palisade Wall x12 |
| 2:08 | 鸡儿哥爆顶胡敢敢 · wall_segment Palisade Wall x7 |
| 2:38 | Renju94 · wall_segment Palisade Wall x14 |
| 3:34 | 鸡儿哥爆顶胡敢敢 · wall_segment Palisade Wall x10 |
| 8:02 | 鸡儿哥爆顶胡敢敢 · wall_segment Palisade Wall x10 |
| 9:11 | 泊二世 · wall_segment Palisade Wall x8 |
| 10:56 | Yagami · first_building Barracks |
| 11:10 | 寻薇 · age_up feudal |
| 11:25 | Joker · age_up feudal |
| 11:32 | 乾州街道张主任 · age_up feudal |
| 11:36 | 泊二世 · wall_segment Palisade Wall x11 |
| 12:10 | 泊二世 · age_up feudal |
| 12:34 | rnesto188 · age_up feudal |
| 12:49 | Yagami · age_up feudal |
| 13:16 | 泊二世 · first_building Barracks |
| 13:56 | Renju94 · age_up feudal |
| 14:19 | 泊二世 · first_building Stable |
| 14:41 | Renju94 · wall_segment Stone Wall x5 |
| 14:42 | Renju94 · wall_segment Stone Wall x6 |
| 14:52 | Joker · wall_segment Palisade Wall x5 |
| 14:58 | 鸡儿哥爆顶胡敢敢 · age_up feudal |
| 15:10 | 鸡儿哥爆顶胡敢敢 · wall_segment Stone Wall x8 |
| 16:07 | Joker · first_building Barracks |
| 16:40 | 鸡儿哥爆顶胡敢敢 · first_building Barracks |
| 17:10 | 寻薇 · first_building Barracks |
| 17:26 | 鸡儿哥爆顶胡敢敢 · first_building Stable |
| 17:33 | Yagami · age_up castle |
| 17:40 | 鸡儿哥爆顶胡敢敢 · wall_segment Stone Wall x9 |
| 17:56 | Renju94 · wall_segment Stone Wall x10 |
| 18:10 | 寻薇 · age_up castle |
| 18:17 | Yagami · first_building Monastery |
| 18:23 | 寻薇 · first_building Castle |
| 19:22 | Renju94 · wall_segment Stone Wall x9 |
| 20:03 | 乾州街道张主任 · age_up castle |
| 20:19 | rnesto188 · age_up castle |
| 21:06 | Joker · age_up castle |
| 21:19 | rnesto188 · first_building Castle |
| 21:31 | 鸡儿哥爆顶胡敢敢 · age_up castle |
| 21:32 | Renju94 · wall_segment Stone Wall x7 |
| 21:33 | Renju94 · wall_segment Stone Wall x6 |
| 22:46 | 泊二世 · age_up castle |
| 23:11 | Renju94 · first_building Barracks |
| 24:17 | Renju94 · age_up castle |
| 24:45 | rnesto188 · first_building Barracks |
| 24:49 | Joker · first_building Castle |
| 24:53 | 鸡儿哥爆顶胡敢敢 · first_building Castle |
| 24:53 | Renju94 · first_building Siege Workshop |
| 24:54 | Joker · first_building Monastery |
| 25:13 | rnesto188 · first_building Monastery |
| 25:13 | 乾州街道张主任 · first_building Monastery |
| 26:19 | 寻薇 · first_building Archery Range |
| 26:40 | rnesto188 · first_building Siege Workshop |
| 26:46 | rnesto188 · first_building Stable |
| 27:23 | 泊二世 · first_building Siege Workshop |
| 27:27 | 寻薇 · first_building Siege Workshop |
| 27:34 | Renju94 · first_building Archery Range |
| 28:13 | 泊二世 · first_building Castle |
| 28:36 | Renju94 · first_building Castle |
| 29:44 | 乾州街道张主任 · age_up imperial |
| 30:05 | 乾州街道张主任 · first_building Barracks |
| 30:44 | Joker · first_building Archery Range |
| 30:53 | 寻薇 · wall_segment Stone Wall x6 |
| 31:13 | Renju94 · first_building Monastery |
| 31:17 | Renju94 · first_building Stable |
| 31:40 | Yagami · first_building Castle |
| 31:46 | Yagami · age_up imperial |
| 31:55 | 乾州街道张主任 · first_building Archery Range |
| 31:59 | 乾州街道张主任 · first_building Stable |
| 32:32 | 寻薇 · age_up imperial |
| 32:39 | 泊二世 · age_up imperial |
| 33:10 | 乾州街道张主任 · first_building Castle |
| 33:32 | Joker · age_up imperial |
| 34:09 | Yagami · wall_segment Stone Wall x13 |
| 34:57 | 鸡儿哥爆顶胡敢敢 · age_up imperial |
| 36:18 | Joker · first_building Siege Workshop |
| 36:56 | Yagami · first_building Archery Range |
| 37:22 | 鸡儿哥爆顶胡敢敢 · wall_segment Stone Wall x9 |
| 37:24 | Yagami · first_market_sell 100 food |
| 37:59 | rnesto188 · age_up imperial |
| 38:43 | Renju94 · age_up imperial |
| 38:55 | Yagami · wall_segment Stone Wall x13 |
| 40:56 | 鸡儿哥爆顶胡敢敢 · wall_segment Stone Wall x10 |
| 42:37 | 鸡儿哥爆顶胡敢敢 · wall_segment Stone Wall x11 |
| 48:18 | 鸡儿哥爆顶胡敢敢 · wall_segment Stone Wall x9 |
| 48:48 | Renju94 · resign |
| 51:07 | 鸡儿哥爆顶胡敢敢 · wall_segment Stone Wall x8 |
| 51:48 | Joker · first_building Stable |
| 52:28 | 鸡儿哥爆顶胡敢敢 · wall_segment Stone Wall x12 |
| 53:01 | 鸡儿哥爆顶胡敢敢 · wall_segment Stone Wall x6 |
| 53:42 | 乾州街道张主任 · first_market_sell 100 wood |
| 53:44 | 乾州街道张主任 · first_market_buy 100 food |
| 58:59 | 鸡儿哥爆顶胡敢敢 · wall_segment Stone Wall x10 |
| 59:07 | 鸡儿哥爆顶胡敢敢 · wall_segment Stone Wall x11 |
| 61:56 | 寻薇 · tribute_sent a jugador 1 |
| 61:56 | 寻薇 · tribute_sent a jugador 2 |
| 61:56 | 寻薇 · tribute_sent a jugador 3 |
| 61:56 | 寻薇 · tribute_sent a jugador 4 |
| 61:56 | 寻薇 · tribute_sent a jugador 5 |
| 61:56 | 寻薇 · tribute_sent a jugador 6 |
| 61:56 | 寻薇 · tribute_sent a jugador 7 |
[ ANÁLISIS IA · 1 CRÉDITO ]
¿Qué pasó realmente en esta partida?
Wolo.gg analiza cada decisión: build order, eco, micro, errores típicos por bracket. Análisis personalizado por WhatsApp o Discord en 30 segundos.
Guía civ
Persas
Perfil
Jugador #16062248